[Event "Late-Titled-Tuesday-Blitz-April-02-2024"]
[Site "Chess.com"]
[Date "2024.04.02"]
[Round "10"]
[White "GaiozNigalidze"]
[Black "jaskol95"]
[Result "1-0"]
[WhiteElo "2718"]
[BlackElo "2538"]
[TimeControl "180+1"]
[EndTime "15:54:26 PDT"]
[Termination "GaiozNigalidze won by checkmate"]

1. e4 c5 2. Nf3 e6 3. d4 cxd4 4. Nxd4 Nc6 5. Nc3 Qc7 6. Nxc6 Qxc6 7. Be2 Nf6 8. e5 Ne4 9. Nb5 Bc5 10. O-O a6 11. Nd4 Qd5 12. Nf3 Qxd1 13. Bxd1 f5 14. a3 O-O 15. b4 Be7 16. Bb2 b5 17. Rc1 Bb7 18. c4 bxc4 19. Rxc4 Rac8 20. Rd4 d6 21. exd6 Bxd6 22. Bb3 Rfe8 23. Rfd1 Bb8 24. Rd7 Bc6 25. Rxg7+ Kf8 26. Rxh7 e5 27. Rf7+ Kg8 28. Rxf5+ Kg7 29. Nxe5 Bxe5 30. Rxe5 Rxe5 31. Bxe5+ Kg6 32. Rc1 Kf5 33.
Bb2 Nd2 34. Bd5 Bd7 35. Rxc8 Bxc8 36. f3 Bd7 37. Bc3 Nb1 38. Be4+ Kf4 39. Bxb1 a5 40. Bd2+ Ke5 41. bxa5 Bb5 42. Kf2 Kd5 43. Ke3 Ke5 44. Bc3+ Ke6 45. Bd3 Bc6 46. a6 Kd6 47. a7 Kc7 48.
Be4 Bxe4 49. Kxe4 Kb7 50. Bd4 Ka8 51. h4 Kb7 52. h5 Ka8 53. h6 Kb7 54. h7 Ka6 55. g4 Kb5 56. f4 Ka4 57. Bc5 Kb3 58.
Kd5 Kc2 59. f5 Kd1 60. g5 Ke2 61. g6 Kf1 62. f6 Kg2 63. f7 Kh3 64. a8=Q Kg4 65.
g7 Kf3 66. f8=Q+ Ke2 67. g8=Q Kd1 68. h8=Q Kc2 69. a4 Kd3 70. a5 Ke2 71. a6 Kd3 72. a7 Kc2 73. Qb7 Kd1 74. a8=Q Kc2 75. Ba7 Kd3 76. Qac8 Kd2 77. Qfe8 Kd1 78. Qgf8 Kd2 79.
Qhg8 Kd1 80. Qba8 Kd2 81. Bb8 Kd1 82. Kd6 Kd2 83. Qab7 Kd1 84. Kd7 Kd2 85. Qbc7 Kd1 86. Qce5 Kd2 87. Qeh8 Kd1 88. Qhf6 Kd2 89. Qfd8 Kd1 90.
Kd6 Kd2 91. Ke5+ Ke2 92. Kd5+ Kd2 93. Ke4+ Ke1 94. Kf3+ Kf1 95. Kg3+ Kg1 96. Kh3+ Kh1 97. Qb7# 1-0

[Event "Late-Titled-Tuesday-Blitz-April-02-2024"]
[Site "Chess.com"]
[Date "2024.04.02"]
[Round "10"]
[White "Gabcur"]
[Black "WCM-Mexicana"]
[Result "1-0"]
[WhiteElo "2361"]
[BlackElo "2410"]
[TimeControl "180+1"]
[EndTime "15:54:28 PDT"]
[Termination "Gabcur won on time"]

1. d4 d5 2. Nc3 Nf6 3. Bf4 c6 4. e3 Bf5 5. f3 e6 6. g4 Bg6 7. h4 h5 8. g5 Nfd7 9. Bd3 Bxd3 10. Qxd3 g6 11. e4 Na6 12. O-O-O Qa5 13.
Kb1 Bb4 14. Nge2 Nb6 15. exd5 cxd5 16. Qb5+ Qxb5 17. Nxb5 Kd7 18. c3 Be7 19. Be5 Rhc8 20. Nf4 Nc4 21. Nd3 Nb8 22. Bxb8 Rcxb8 23. b3 a6 24.
bxc4 axb5 25. cxd5 exd5 26. Ne5+ Ke8 27. Rhe1 Rc8 28.
Re3 Ra3 29. Kb2 Ra6 30. Rde1 Re6 31. Nd3 Rxe3 32. Rxe3 Kf8 33. f4 Rc4 34. Re5 b4 35. Rxd5 bxc3+ 36. Kc2 Ra4 37. Rd7 b5 38. Rb7 b4 39.
Kb1 Ke8 40. Nc5 Bxc5 41. dxc5 Ra5 42. c6 Rc5 43. Rxb4 Rxc6 44. Kc2 Kd7 45. a4 Ke6 46. Rb5 Rc4 47. a5 Rxf4 48. Kxc3 Ra4 49. Kb3 Ra1 50. Kb2 Ra4 51. Kb3 Ra1 52. Kb2 Rh1 53.
a6 Rxh4 54. Ra5 Rd4 55. a7 Rd8 56. Kc2 h4 57. a8=Q Rxa8 58. Rxa8 Kf5 59. Ra7 Kxg5 60. Rxf7 h3 61. Kd2 Kg4 62. Ke2 Kg3 63. Rg7 1-0

[Event "Late-Titled-Tuesday-Blitz-April-02-2024"]
[Site "Chess.com"]
[Date "2024.04.02"]
[Round "10"]
[White "KaydenTroffChess"]
[Black "1mbl4"]
[Result "1-0"]
[WhiteElo "2861"]
[BlackElo "2641"]
[TimeControl "180+1"]
[EndTime "15:54:36 PDT"]
[Termination "KaydenTroffChess won by checkmate"]

1. d4 Nf6 2. Nf3 g6 3. Bg5 Bg7 4. Nc3 d5 5. Bxf6 Bxf6 6. e4 dxe4 7. Nxe4 Bg7 8. c3 O-O 9. Bc4 b6 10. O-O Bb7 11. Re1 Nd7 12. Qb3 h6 13. Re3 c5 14.
d5 Nf6 15. Rd1 Nxe4 16. Rxe4 Qd6 17. Ree1 Rad8 18. Qc2 Bf6 19. Nd2 Kg7 20. Ne4 Qf4 21.
Re3 a6 22. a4 b5 23. axb5 axb5 24. Qb3 bxc4 25. Qxb7 Rb8 26. Qa7 Rxb2 27. Qxc5 Rfb8 28. Ree1 Be5 29. g3 Qf3 30. Qe3 Qxe3 31. Rxe3 Rc2 32. Rd2 Rb1+ 33. Kg2 Rbc1 34. Rxc2 Rxc2 35. Kf1 Kf8 36.
Ke1 f5 37. Kd1 Ra2 38. Nd2 Bf6 39. h4 g5 40. hxg5 hxg5 41. f4 gxf4 42. gxf4 Ra5 43. d6 exd6 44. Nxc4 d5 45. Nxa5 d4 46. cxd4 Bxd4 47. Rd3 Bc5 48. Nc4 Kf7 49. Ke2 Ke6 50. Kf3 Ba7 51. Ne3 Bb8 52. Rd5 Bd6 53. Rxf5 Bc7 54.
Rb5 Bd6 55. Ke4 Be7 56. f5+ Kd7 57. Rb7+ Ke8 58. Kd5 Bd8 59. Ke6 Kf8 60. Rb8 Ke8 61. f6 Kf8 62. Rxd8# 1-0

[Event "Late-Titled-Tuesday-Blitz-April-02-2024"]
[Site "Chess.com"]
[Date "2024.04.02"]
[Round "10"]
[White "BabageldiAnnaberdiyev"]
[Black "RodokininEV"]
[Result "1-0"]
[WhiteElo "2603"]
[BlackElo "2685"]
[TimeControl "180+1"]
[EndTime "15:54:57 PDT"]
[Termination "BabageldiAnnaberdiyev won on time"]

1. e4 c5 2. Nf3 Nc6 3. d3 d5 4. Nbd2 g6 5. g3 Bg7 6. Bg2 Nf6 7. O-O O-O 8. Re1 b6 9. Qe2 Bb7 10. c3 Rc8 11. Nf1 e5 12. Bg5 Re8 13. Bxf6 Bxf6 14.
Ne3 Ne7 15. Ng4 Bg7 16. Ngxe5 Qd6 17. Ng4 dxe4 18. dxe4 Nc6 19. Qd2 Qe7 20. Rad1 Rcd8 21. Qc2 h5 22. Ne3 Ne5 23. Nxe5 Bxe5 24. Nd5 Qd6 25. f4 Bg7 26. c4 Bd4+ 27. Kh1 Bxd5 28. cxd5 Kg7 29. e5 Qb8 30. b3 h4 31. g4 h3 32. Bf3 Qa8 33. Qe4 Qc8 34. Rxd4 cxd4 35. Qxd4 Kg8 36. Qd3 Qc5 37. Rf1 b5 38. Qe4 b4 39. e6 Qd6 40. f5 fxe6 41. fxe6 Kg7 42.
g5 a5 43. Qd4+ Kg8 44. Qf6 Re7 45. Be4 Rg7 46. Qf3 a4 47. Kg1 a3 48. Kf2 Rf8 49. Ke2 Rxf3 50. Rxf3 Qe5 51. Kd3 Qxg5 52.
d6 Qb5+ 53. Kd4 Qb6+ 54. Ke5 Qc5+ 55. Bd5 Kh8 56. Rxh3+ Rh7 57. Rxh7+ Kxh7 58. e7 Qe3+ 59. Be4 Qg5+ 60. Ke6 Qg4+ 61. Kd5 Qd7 62. Bd3 Kg7 63. Kc5 Kf6 64. Bb5 Qa7+ 65. Kc4 Qe3 66. e8=Q Qc3+ 67.
Kd5 Qd2+ 68. Kc6 Qxa2 69. Qh8+ Kg5 70. Bc4 Qg2+ 71. Kc7 a2 72. d7 Qxh2+ 73. Qxh2 a1=Q 74. d8=Q+ Kf5 75. Qd5+ 1-0

[Event "Late-Titled-Tuesday-Blitz-April-02-2024"]
[Site "Chess.com"]
[Date "2024.04.02"]
[Round "10"]
[White "xasid81"]
[Black "Aygehovit1992"]
[Result "0-1"]
[WhiteElo "2652"]
[BlackElo "2864"]
[TimeControl "180+1"]
[EndTime "15:55:00 PDT"]
[Termination "Aygehovit1992 won by resignation"]

1. e4 e5 2. Nf3 Nc6 3. Nc3 Nf6 4. Be2 d6 5. d4 Be7 6. dxe5 dxe5 7. Qxd8+ Bxd8 8. Bb5 Bd7 9. Bxc6 Bxc6 10. Nxe5 Bxe4 11. Nxe4 Nxe4 12. Be3 Bf6 13. Nd3 O-O-O 14. O-O-O Rd5 15.
Nf4 Rb5 16. c3 c6 17. Rhe1 Bg5 18. Nd3 Re8 19. f4 Bf6 20. Bxa7 Ra5 21. Bb6 Rxa2 22.
Kb1 Ra6 23. Nc5 Nxc3+ 24. bxc3 Rxb6+ 25. Kc2 Rxe1 26. Rxe1 Rb5 27. Ne4 Be7 28. g4 Kd7 29. Rd1+ Rd5 30. Rb1 b5 31. c4 Rd4 32. Nd2 Rxf4 33.
cxb5 cxb5 34. Rxb5 Rxg4 35. Rb7+ Ke6 36. Nf3 Bd6 37. Kd3 Rb4 38. Ng5+ Kf6 39. Ne4+ Rxe4 40.
Kxe4 Bxh2 41. Rb6+ Ke7 42. Rb7+ Ke6 43. Rb6+ Bd6 44.
Rb1 f5+ 45. Kf3 g5 46. Rh1 g4+ 47. Kg2 f4 48. Rxh7 Kf5 49. Rf7+ Ke4 50. Rf6 Be5 51. Rf7 Bd4 52. Re7+ Kf5 53. Rf7+ Kg5 54. Rf8 Bf6 55.
Kf2 Kf5 56. Kg2 Ke6 57. Rg8 Kf5 58. Rf8 Kg6 59. Rg8+ Bg7 60. Rc8 Be5 61. Rg8+ Kh5 62. Rf8 Kg5 63. Rg8+ Kf5 64. Kf2 Bd4+ 65. Kg2 f3+ 66.
Kg3 Be5+ 67. Kf2 Kf4 68. Rf8+ Ke4 69. Rg8 g3+ 70. Kf1 Kf5 71. Rf8+ Bf6 72. Rg8 Bg5 73.
Rf8+ Kg4 74. Kg1 Be3+ 0-1

[Event "Late-Titled-Tuesday-Blitz-April-02-2024"]
[Site "Chess.com"]
[Date "2024.04.02"]
[Round "10"]
[White "Godzillator"]
[Black "subham777"]
[Result "0-1"]
[WhiteElo "2408"]
[BlackElo "2574"]
[TimeControl "180+1"]
[EndTime "15:55:02 PDT"]
[Termination "subham777 won on time"]

1. c4 e6 2. Nc3 d5 3. cxd5 exd5 4. d4 Nf6 5. Bg5 c6 6. Qc2 Bd6 7. e3 O-O 8. Bd3 h6 9. Bh4 a5 10. Nf3 Na6 11. a3 Re8 12. O-O Bg4 13. Bg3 Bxf3 14. gxf3 Nc7 15. Rab1 Ne6 16. Kg2 Rc8 17. b4 axb4 18.
axb4 h5 19. Bf5 g6 20. Bh3 Bxg3 21. hxg3 Rc7 22. f4 Ng7 23. Rfc1 Rce7 24. b5 h4 25. g4 g5 26. fxg5 Nh7 27. g6 fxg6 28. Qxg6 Re6 29. Qd3 Ng5 30. bxc6 Qf6 31. Qe2 bxc6 32. Re1 R6e7 33.
Rb6 Qd6 34. Qd3 Nxh3 35. Kxh3 Qf6 36. f4 Rd7 37. Re2 Ne6 38. Qf5 Qxf5 39. gxf5 Ng7 40. Kg4 Rf8 41. Kxh4 Nxf5+ 42. Kg4 Rg7+ 43. Kf3 Rf6 44.
Nxd5 Rh6 45. Rg2 cxd5 46. Rxg7+ Kxg7 47. Rb7+ Kf8 48. Rd7 Ne7 49. f5 Ke8 50. Ra7 Nxf5 51. Kf4 Ne7 52. Rb7 Re6 53. Ra7 Re4+ 54. Kf3 Kf7 55. Rb7 Kf6 56. Rb6+ Kf5 57. Rd6 Rh4 58. Kg3 Rg4+ 59. Kf3 Rg6 60. Rd7 Re6 61. Rd8 Kf6 62. Rd7 Kf7 63. Ra7 Rf6+ 64. Kg4 Rf1 65. Rd7 Ke6 66. Ra7 Rf7 67. Ra6+ Kd7 68. Ra7+ Kd6 69. Ra6+ Nc6 70. Rb6 Kc7 71. Ra6 Kb7 72. Ra2 Re7 73. Rb2+ Kc7 74. Kf5 Rxe3 75. Rb5 Kd6 76. Rb6 Kc7 77. Ra6 Nxd4+ 78. Kf4 Re4+ 0-1

[Event "Late-Titled-Tuesday-Blitz-April-02-2024"]
[Site "Chess.com"]
[Date "2024.04.02"]
[Round "10"]
[White "microbear"]
[Black "cthake"]
[Result "1-0"]
[WhiteElo "2387"]
[BlackElo "1815"]
[TimeControl "180+1"]
[EndTime "15:55:03 PDT"]
[Termination "microbear won on time"]

1. e4 e6 2. d4 d5 3. e5 c5 4. c3 Nc6 5. Nf3 Bd7 6. Be2 Qb6 7. O-O cxd4 8. cxd4 Rc8 9. Nc3 Na5 10. Rb1 Nc4 11. b3 Nxe5 12. Nxe5 Rxc3 13. Nxd7 Kxd7 14. Bb2 Rc8 15. Qd3 Nf6 16. Rfe1 Bd6 17. g4 h6 18.
Qe3 Qc7 19. h3 Rhe8 20. Bb5+ Ke7 21. Bxe8 Kxe8 22. Rbc1 Qb8 23. Rxc8+ Qxc8 24. Rc1 Qd7 25. Qc3 Ke7 26. b4 Ne4 27. Qe1 a6 28. a3 b5 29.
Kg2 g6 30. f3 Ng5 31. Qc3 h5 32. Qc8 hxg4 33. Qxd7+ Kxd7 34. hxg4 Bf4 35. Rh1 Be3 36. Bc1 Bxc1 37. Rxc1 f5 38. gxf5 gxf5 39. Rh1 Nf7 40. Rh7 Ke7 41. Kg3 Kf6 42. Rh1 Nd6 43. Rh8 Nc4 44. Ra8 Nxa3 45. Rxa6 Nc2 46. Rb6 Nxb4 47.
Rxb5 Nc2 48. Ra5 Nxd4 49. Ra4 Ne2+ 50. Kf2 Nc3 51. Ra6 Ke5 52. Ra3 Nb5 53. Ra5 Nd4 54. Ke3 Nc2+ 55. Kd3 Ne1+ 56. Ke2 Ng2 57. Kf2 Nf4 58. Ke3 Ng6 59. Ra4 Ne7 60. f4+ Kf6 61. Ra6 Ng6 62. Ra7 Ne7 63. Ra8 Ng6 64. Kf3 Ne7 65. Ra7 Ng6 66. Ra1 Ne7 67. Rb1 Ng6 68.
Rh1 Ne7 69. Rh7 Ng6 70. Rh6 Kg7 71. Rh1 Kf6 72. Rc1 Ne7 73. Rb1 Nc6 74. Rg1 Nd4+ 75. Ke3 Nc2+ 76. Kd3 Nb4+ 77. Kd4 Nc6+ 78. Kc5 Ne7 79.
Rh1 Ng6 80. Rg1 1-0

[Event "Late-Titled-Tuesday-Blitz-April-02-2024"]
[Site "Chess.com"]
[Date "2024.04.02"]
[Round "10"]
[White "prochn"]
[Black "NitaLucian"]
[Result "0-1"]
[WhiteElo "2480"]
[BlackElo "2359"]
[TimeControl "180+1"]
[EndTime "15:55:08 PDT"]
[Termination "NitaLucian won on time"]

1. d4 d6 2. Nf3 Nf6 3. g3 Nbd7 4. Bg2 e5 5. O-O e4 6. Ne1 d5 7. c4 c6 8. cxd5 cxd5 9. Nc3 Bd6 10. f3 exf3 11.
Nxf3 O-O 12. Bf4 Bxf4 13. gxf4 Nb6 14. Ne5 Bf5 15. Qb3 Ne4 16. Nxe4 Bxe4 17. e3 Bxg2 18. Kxg2 f6 19. Nd3 Nc4 20. Rfe1 Kh8 21. Nc5 Qc8 22.
e4 Qg4+ 23. Qg3 Qxg3+ 24. hxg3 dxe4 25. Rxe4 b6 26. Ne6 Rf7 27. f5 Nxb2 28. d5 Rd7 29. Rd4 Rc8 30. Rh1 Nc4 31. Rdh4 h6 32. Nxg7 Kxg7 33. Rxh6 Rcd8 34. Rg6+ Kf8 35. Rxf6+ Ke7 36. Re6+ Kf7 37. Rh7+ Kg8 38. Rhh6 Rxd5 39. Reg6+ Kf7 40. Rh7+ Kf8 41. Rxa7 Rxf5 42. Rh6 Rf7 43. Ra4 Ne3+ 44. Kh3 Kg7 45. Re4 Kxh6 46. Rxe3 Kg6 47. Re6+ Rf6 48.
Re4 Rh8+ 49. Kg4 Rc8 50. a4 Rc5 51. Rb4 Rg5+ 52. Kh4 Ra5 53. g4 Re6 54. Rc4 Rc5 55. Rb4 Rc1 56. Rb5 Rg1 57. Rb4 Kf6 58. Rb5 Ke7 59.
Kh5 Kd6 60. g5 Kc6 61. Rf5 Rh1+ 62. Kg4 Rg1+ 63. Kh5 Rd6 64. a5 bxa5 65. Rxa5 Rd5 66.
Ra6+ Kb7 67. Rg6 Rf5 68. Rg8 Kc6 69. Kh6 Rh1+ 70. Kg6 Rd5 71. Rc8+ Kd7 72. Ra8 Rg1 73. Ra7+ Ke6 74. Ra6+ Ke5 75. Kh6 Rd7 76. g6 Rd6 77. Ra5+ Kf6 0-1

[Event "Late-Titled-Tuesday-Blitz-April-02-2024"]
[Site "Chess.com"]
[Date "2024.04.02"]
[Round "10"]
[White "DinaBelenkaya"]
[Black "slidingknight2775"]
[Result "1/2-1/2"]
[WhiteElo "2469"]
[BlackElo "2586"]
[TimeControl "180+1"]
[EndTime "15:55:11 PDT"]
[Termination "Game drawn by 50-move rule"]

1. Nf3 Nf6 2. g3 g6 3. Bg2 Bg7 4. c4 O-O 5. d4 d6 6. O-O Nc6 7. Nc3 a6 8. e4 Bg4 9. Be3 e5 10.
dxe5 Nxe5 11. Qe2 Re8 12. Bf4 Qe7 13. Bxe5 dxe5 14. Nd5 Qd8 15. h3 Bxf3 16. Qxf3 c6 17. Nxf6+ Bxf6 18. Rad1 Qe7 19. h4 h5 20. Bh3 Rad8 21.
c5 Kg7 22. b4 a5 23. a3 axb4 24. axb4 Rd4 25. Rxd4 exd4 26. Re1 Be5 27. Qd3 g5 28.
Bf5 gxh4 29. f4 Bc7 30. Kh2 Rg8 31. Rg1 Kf8 32. Kh3 hxg3 33. Rxg3 Bxf4 34. Rxg8+ Kxg8 35. Qf3 Qg5 36. Bc8 Bc7 37. Bxb7 Qg1 38. Qg2+ Qxg2+ 39. Kxg2 d3 40. Kf3 Be5 41. Bxc6 Bc3 42. Bd7 Bxb4 43. c6 d2 44. Ke2 Ba5 45. c7 Bxc7 46. Kxd2 h4 47. Ke3 Kg7 48. Kf3 Kf6 49. Bg4 Ke5 50. Bh3 Ba5 51. Bc8 f6 52. Bd7 Be1 53. Bf5 Bg3 54. Kg4 Kd6 55. Kh3 Kc5 56. Bg4 Kd4 57.
Bf5 Ke3 58. Bg6 Kf4 59. Bh7 Kg5 60. Bf5 Bf4 61. Bh7 Be5 62. Bf5 Kh6 63. Kxh4 Kg7 64. Kg4 Kf7 65. Kh5 Ke7 66. Kg6 Kd6 67. Kf7 Kc5 68.
Ke6 Kb4 69. Kd5 Ka3 70. Be6 Kb2 71. Bf5 Kc1 72. Bg6 Kd1 73. Bh7 Ke1 74. Bg6 Kf1 75.
Bf5 Kf2 76. Ke6 Kg3 77. Kf7 Kf4 78. Ke6 Kg5 79. Kf7 Kh6 80. Ke6 Kg7 81. Ke7 Bd4 82.
Ke6 Be5 83. Ke7 Kh6 84. Ke6 Kh5 85. Kd5 Kh4 86. Kc4 Kg3 87. Kd3 Kf4 88. Ke2 Bd4 89.
Kd3 Be5 90. Kc4 Ke3 91. Kd5 Kf4 92. Ke6 Ke3 93. Kd5 Kd3 94. Ke6 Kc4 95. Kf7 Kc5 96.
Kg6 Kc6 97. Kh7 Kd6 98. Kg6 Ke7 99. Kh5 Bd4 100. Kg4 Be5 101. Kf3 Bd6 102. Ke2 Be5 103. Kd3 Bd6 104. Kc4 Be5 105. Kd5 Bd6 106. Kc6 Be5 107. Kc5 Bd6+ 108. Kd5 Be5 109. Kc4 Bd6 110. Kd3 Be5 111. Kc4 Bd6 112. Kd5 Be5 113. Kc6 1/2-1/2

[Event "Late-Titled-Tuesday-Blitz-April-02-2024"]
[Site "Chess.com"]
[Date "2024.04.02"]
[Round "10"]
[White "MikaelyanArman"]
[Black "Durarbayli"]
[Result "1/2-1/2"]
[WhiteElo "2824"]
[BlackElo "2913"]
[TimeControl "180+1"]
[EndTime "15:55:12 PDT"]
[Termination "Game drawn by repetition"]

1. e3 e5 2. d4 exd4 3. exd4 d5 4. Bd3 Bd6 5. Nf3 Ne7 6. O-O Nbc6 7. Nc3 Nb4 8. Be2 Bf5 9. a3 Nbc6 10. Nb5 O-O 11. Bg5 f6 12. Bh4 Bf4 13. Bd3 Bg4 14.
h3 Bh5 15. Bg3 Bxg3 16. fxg3 a6 17. g4 Bxg4 18. hxg4 axb5 19. Bxb5 Qd6 20. Qd2 Nd8 21. Rae1 c6 22. Bd3 Nf7 23. g5 f5 24. Ne5 Nxe5 25.
Rxe5 Rf7 26. Rfe1 Raf8 27. Re6 Qd8 28. Be2 Qd7 29. Bh5 g6 30. Bf3 Nc8 31. Qb4 Qd8 32. Qd2 Nd6 33. Rf1 Ne4 34. Bxe4 fxe4 35. Rxf7 Rxf7 36.
Qe3 Qd7 37. Rf6 Rxf6 38. gxf6 Qf5 39. Qg3 Qxf6 40. Qb8+ Kg7 41. Qxb7+ Kh6 42. Qb4 e3 43.
Qe1 Qxd4 44. c3 Qf4 45. b4 g5 46. a4 g4 47. a5 g3 48. a6 Kg6 49. a7 Qh4 50. Qxe3 Qh2+ 51. Kf1 Qh1+ 52. Qg1 Qh5 53. Qe3 Qh1+ 54. Ke2 Qxg2+ 55. Kd3 Qf1+ 56. Kd4 g2 57. Qg3+ Kh6 58. a8=Q g1=Q+ 59. Qxg1 Qxg1+ 60. Ke5 Qe3+ 61. Kd6 Qxc3 62. Qf8+ Kg5 63. Qg8+ Kh6 64. Qf8+ Kg6 65.
Qe8+ Kg5 66. Qg8+ Kf4 67. Qxh7 d4 68. Qf7+ Ke3 69. Qe8+ Kd2 70. Qxc6 d3 71. b5 Qf6+ 72. Kc7 Qe7+ 73. Kb8 Ke2 74. Qg2+ Kd1 75. Qf3+ Kc2 76. b6 d2 77. Qc6+ Kb2 78. Qb5+ Kc2 79. Qc4+ Kb2 80. Qd4+ Kc2 81. Qc4+ Kb1 82. Qb3+ Kc1 83. Qc3+ Kd1 84. b7 Ke2 85. Qc4+ Ke3 86. Qc3+ Ke2 87. Qc4+ Ke1 88.
Qc3 Ke2 1/2-1/2

[Event "Late-Titled-Tuesday-Blitz-April-02-2024"]
[Site "Chess.com"]
[Date "2024.04.02"]
[Round "10"]
[White "combidharma"]
[Black "Alexei_Gubajdullin"]
[Result "1-0"]
[WhiteElo "2860"]
[BlackElo "2647"]
[TimeControl "180+1"]
[EndTime "15:55:14 PDT"]
[Termination "combidharma won by checkmate"]

1. e4 g6 2. Nc3 Bg7 3. f4 c5 4. Nf3 d6 5. Bb5+ Bd7 6. Bxd7+ Qxd7 7. O-O Nc6 8. d3 Nf6 9. Bd2 O-O 10. Qe1 Nd4 11. Rc1 Rac8 12. f5 gxf5 13. Qh4 fxe4 14. Nxe4 Nxe4 15. Qxe4 Qe6 16. Rfe1 Qxe4 17. Rxe4 Nxf3+ 18.
gxf3 Bxb2 19. Rb1 Bf6 20. Rxb7 Rb8 21. Rxa7 Rb2 22. Bh6 Rfb8 23. Raxe7 Bxe7 24. Rg4+ Kh8 25. Bg7+ Kg8 26. Bxb2+ Kf8 27. Bg7+ Ke8 28. Kf2 f5 29.
Ra4 Kf7 30. Ra7 Rg8 31. Bc3 Ke6 32. a4 h5 33. a5 h4 34. h3 d5 35. a6 c4 36. Bd4 cxd3 37. cxd3 Rc8 38. Rb7 Bc5 39.
Bxc5 Rxc5 40. a7 Ra5 41. Ke3 Ke5 42. d4+ Kf6 43. Kf4 Ra4 44. Rb6+ Kf7 45. Rb7+ Kf6 46. Ke3 f4+ 47. Kd3 Ra3+ 48. Kc2 Ke6 49. Kb2 Ra5 50. Kb3 Kd6 51. Kb4 Ra1 52. Rh7 Kc6 53. Rxh4 Rb1+ 54. Kc3 Kb7 55. Rxf4 Kxa7 56. Rf5 Rb5 57. h4 Kb6 58. h5 Kc6 59. h6 Rb7 60. Rf6+ Kb5 61.
Rd6 Rc7+ 62. Kd3 Rf7 63. Rxd5+ Kc6 64. Rh5 Rxf3+ 65. Ke4 Rf8 66. h7 Rh8 67. d5+ Kd6 68. Rh6+ Ke7 69. Ke5 Kf7 70. d6 Kg7 71. Rh1 Re8+ 72.
Kd5 Kh8 73. d7 Ra8 74. Kd6 Ra6+ 75. Ke7 Ra7 76. Ke8 Ra8+ 77. d8=Q Ra6 78. Qd4+ Rf6 79.
Qxf6# 1-0

[Event "Late-Titled-Tuesday-Blitz-April-02-2024"]
[Site "Chess.com"]
[Date "2024.04.02"]
[Round "10"]
[White "pooh2012"]
[Black "N_I_Chess"]
[Result "0-1"]
[WhiteElo "2458"]
[BlackElo "2340"]
[TimeControl "180+1"]
[EndTime "15:55:34 PDT"]
[Termination "N_I_Chess won by resignation"]

1. c4 e5 2. Nc3 b6 3. Nf3 Nc6 4. d4 exd4 5. Nxd4 Bb7 6. e3 g6 7. Nc2 Bg7 8. Be2 Nge7 9. O-O O-O 10. Bf3 Qc8 11. Bd2 Ne5 12. Bxb7 Qxb7 13. b3 d5 14. Qe2 dxc4 15. bxc4 c5 16. f4 N5c6 17. Rad1 Rad8 18. e4 Nd4 19. Nxd4 Rxd4 20. e5 Qa6 21. Nb5 Rdd8 22. Bc3 Nf5 23. g4 Nd4 24. Bxd4 cxd4 25. Rxd4 Rxd4 26. Nxd4 Rc8 27. Nb5 Qa4 28. Nd6 Rd8 29. Rd1 Qd7 30. Rd5 Bf8 31. Ne4 Qc8 32. Nf6+ Kg7 33.
Kg2 Qc6 34. Qe4 Rc8 35. Rd4 Qa4 36. Qe2 Be7 37. Nd5 Bc5 38. Re4 Rd8 39. f5 b5 40. cxb5 Qa5 41. Nf4 Rd2 42. f6+ Kf8 43. e6 Rxe2+ 44. Rxe2 Qxb5 45. e7+ Ke8 46. Rd2 Bxe7 47. fxe7 Kxe7 48. Kg3 Kf8 49. Nd5 Kg7 50. Ne3 Qb8+ 51. Kf3 Qb1 52. Kf2 Qh1 53. Kg3 Qg1+ 54. Kf3 Qh1+ 55. Rg2 Qa1 56. Kf2 a5 57. Kf3 a4 58. h4 Qe5 59. h5 a3 60. hxg6 hxg6 61. Rd2 Qe7 62. Ke2 f5 63. gxf5 gxf5 64. Rd4 Kf6 65. Kd3 Qb7 66. Nd5+ Kg5 67. Nc3 Qb2 68.
Rd5 Kg4 69. Rd8 f4 70. Rg8+ Kh5 71. Rf8 Qc1 72. Rh8+ Kg6 73. Rg8+ Kh7 74. Rg2 Qf1+ 75. Re2 f3 76. Ke3 fxe2 77. Nxe2 Qe1 78. Kd3 Qb1+ 79.
Kc3 Qxa2 80. Nd4 Qb2+ 81. Kc4 a2 82. Nb3 a1=Q 0-1

[Event "Late-Titled-Tuesday-Blitz-April-02-2024"]
[Site "Chess.com"]
[Date "2024.04.02"]
[Round "10"]
[White "TigrVShlyape"]
[Black "Polish_fighter3000"]
[Result "0-1"]
[WhiteElo "2950"]
[BlackElo "3155"]
[TimeControl "180+1"]
[EndTime "15:56:07 PDT"]
[Termination "Polish_fighter3000 won on time"]

1. d4 Nf6 2. Bf4 d5 3. e3 c5 4.
c3 Nc6 5. Nd2 Bf5 6. Qb3 Qc8 7. a4 e6 8. Ngf3 Be7 9. Be2 h6 10. h3 O-O 11. O-O a6 12. a5 c4 13.
Qa2 Qd7 14. b3 cxb3 15. Qxb3 Rfc8 16. Rfc1 Bd8 17. Ne5 Nxe5 18. Bxe5 Ne4 19. Nxe4 Bxe4 20. f3 Bg6 21. c4 dxc4 22. Bxc4 Bxa5 23. Rxa5 b5 24.
Kh2 Qd8 25. Raa1 bxc4 26. Rxc4 f6 27. Bg3 Rxc4 28. Qxc4 Qd5 29. Qxd5 exd5 30. Ra5 Bd3 31. Rxd5 a5 32. Rc5 a4 33. Rc3 a3 34. Rxd3 a2 35.
Rd1 a1=Q 36. Rxa1 Rxa1 37. e4 Rd1 38. d5 f5 39. exf5 Rxd5 40. f6 gxf6 41. Bf4 h5 42.
Kg3 Rd4 43. h4 Kf7 44. Be3 Ra4 45. Bf4 Ke6 46. Bc7 Rc4 47. Bb8 Rb4 48. Bc7 Kd7 49. Bf4 Rd4 50. Bb8 Rc4 51. Bf4 Rb4 52. Bd2 Rb2 53.
Bc3 Rb6 54. Kf4 Ke6 55. g4 Rc6 56. Bd2 Rc4+ 57. Kg3 Rd4 58. Bf4 hxg4 59. fxg4 Rd3+ 60. Kg2 Kd5 61. h5 Ke4 62. Bg3 f5 63. gxf5 Kxf5 64. h6 Kg6 65. Bf4 Kf5 66. h7 Rd8 67. Kf3 Rh8 68. Be3 Rxh7 69. Bf2 Rh3+ 70. Bg3 Kg5 71. Kg2 Kg4 72. Bf2 Rb3 73. Bg1 Rb2+ 74. Bf2 Kf4 75.
Kg1 Kf3 76. Bc5 Rd2 77. Kh1 Kg3 78. Bb6 Rc2 79. Ba7 Rc1+ 80. Bg1 Rc6 81. Be3 Kf3 82. Bd4 Rg6 83. Bc5 Rg5 84. Bb6 Rd5 85.
Ba7 Rd2 86. Bb6 Rc2 87. Ba7 Kg4 88. Bb6 Kg3 89. Ba7 Rc1+ 90. Bg1 Kf3 91. Kh2 Rc6 92.
Kh1 Kg3 93. Bh2+ Kf2 94. Bg1+ Kf1 95. Bh2 Rc5 96. Bg3 Rh5+ 97. Bh2 Rg5 98. Bf4 Rg4 99. Be5 Kf2 100. Bc7 Rg1+ 101. Kh2 Rg7 102. Bb6+ Kf3 103. Kh1 Kg3 104. Bd4 Rd7 105. Bc5 Rd5 0-1

[Event "Late-Titled-Tuesday-Blitz-April-02-2024"]
[Site "Chess.com"]
[Date "2024.04.02"]
[Round "10"]
[White "Tugrik1969"]
[Black "Oleg_Papayan"]
[Result "1/2-1/2"]
[WhiteElo "2565"]
[BlackElo "2679"]
[TimeControl "180+1"]
[EndTime "15:56:25 PDT"]
[Termination "Game drawn by 50-move rule"]

1. d4 d5 2. c4 dxc4 3. Nf3 Nf6 4. e3 e6 5. Bxc4 a6 6. O-O b5 7. Be2 Bb7 8. a4 b4 9. Ne5 Nbd7 10. Bf3 Qc8 11. Nd2 Nxe5 12. dxe5 Nd5 13. Nc4 a5 14.
e4 Nb6 15. Nxb6 cxb6 16. Be3 Bc5 17. Rc1 Qc7 18. Bxc5 bxc5 19. Qd6 Qxd6 20. exd6 Rc8 21. Rfd1 Kd7 22. e5 Bxf3 23. gxf3 Rc6 24. Rc4 f6 25. f4 Rf8 26. Kg2 h6 27. h4 Rcc8 28. Rdc1 fxe5 29.
fxe5 g5 30. hxg5 hxg5 31. Rxc5 Rxc5 32. Rxc5 Rf4 33. Rxa5 Rd4 34. Rb5 Kc6 35. Kf3 Rh4 36. Ke3 Rf4 37. f3 Rc4 38. Rb8 Kd7 39. a5 Rc5 40.
Ke4 Rxa5 41. Rg8 b3 42. Rg7+ Kd8 43. Rxg5 Ra2 44. Rg8+ Kd7 45. Rg7+ Kd8 46. f4 Rxb2 47. f5 Re2+ 48. Kd4 b2 49. Rb7 exf5 50. Kd5 Kc8 51.
Rb4 Kd7 52. e6+ Rxe6 53. Rb7+ Kc8 54. Rxb2 Re1 55. Kc6 Rc1+ 56. Kd5 f4 57. Rh2 f3 58.
Rf2 Rc3 59. Kd4 Ra3 60. Ke4 Kd7 61. Rxf3 Ra4+ 62. Kd5 Ra5+ 63. Kd4 Kxd6 64. Rf6+ Ke7 65. Rh6 Ra1 66. Rg6 Kf7 67. Rb6 Ra4+ 68. Ke5 Ra1 69. Rb7+ Kg6 70. Rb6+ Kg5 71. Rb5 Re1+ 72. Kd6+ Kf4 73.
Rb4+ Kf5 74. Rb5+ Kf6 75. Rb6 Rd1+ 76. Kc5+ Ke5 77. Rb4 Rc1+ 78. Rc4 Rb1 79. Rc2 Rb8 80.
Re2+ Kf4 81. Re7 Kf5 82. Re2 Rd8 83. Kc6 Kf6 84. Kc7 Rd1 85. Kc6 Rc1+ 86. Kd6 Rd1+ 87. Kc6 Rd3 88. Kc7 Rb3 89. Kc6 Rc3+ 90. Kd6 Rb3 91. Kc6 Kf5 92. Kc5 Rc3+ 93. Kd4 Rc1 94. Rf2+ Kg4 95. Rg2+ Kf3 96. Rd2 Rc8 97. Rd3+ Kf4 98.
Rc3 Rd8+ 99. Kc4 Ke4 100. Kb3 Rb8+ 101. Kc2 Kd4 102. Rc7 Rh8 103. Rd7+ Kc4 104. Rc7+ Kb4 105. Rb7+ Kc5 106. Rc7+ Kd4 107. Rd7+ Ke5 108. Re7+ Kd6 109. Re3 Rh2+ 110. Kd1 Kd5 111. Rd3+ Ke4 112. Rd2 Rh8 113. Re2+ Kd3 1/2-1/2